 Dungeon Crawl Stone Soup version 0.18.1-50-g88ac8fd (webtiles) character file.

9524 Aleksmastering the Fighter (level 11, -6/80 HPs)
             Began as a Demonspawn Fighter on Sept 27, 2016.
             Mangled by a killer bee (7 damage)
             ... on level 9 of the Dungeon.
             The game lasted 00:35:51 (6716 turns).

Aleksmastering the Fighter (Demonspawn Fighter)     Turns: 6716, Time: 00:35:52

Health: -6/80      AC: 18    Str: 20    XL:     11   Next: 24%
Magic:  9/9        EV:  7    Int:  9    God:
Gold:   55         SH: 11    Dex: 16    Spells: 0 memorised, 10 levels left

rFire  + . .     SeeInvis .     D - +1 long sword (slice)
rCold  . . .     Gourm    .     i - +0 plate armour
rNeg   . . .     Faith    .     c - +0 shield
rPois  .         Spirit   .     (helmet restricted)
rElec  .         Dismiss  .     A - +0 cloak
rCorr  .         Reflect  .     F - +2 pair of gloves {archery}
SustAt .         Harm     .     (no boots)
MR     .....                    h - amulet of regeneration
Stlth  ..........               j - +3 ring of dexterity
                                I - ring of protection from fire

@: lethally poisoned (-6 -> -7), very slightly contaminated, not resistant to
hostile enchantments, extremely unstealthy
A: beak, claws 2, frail 1, low mp 1, spiny 1
a: no special abilities


You were on level 9 of the Dungeon.
You were hungry.

You visited 2 branches of the dungeon, and saw 10 of its levels.
You also visited: Bailey.

You collected 573 gold pieces.
You spent 518 gold pieces at shops.

Inventory:

Hand Weapons
 D - a +1 long sword of slicing (weapon)
Missiles
 r - 4 silver tomahawks (quivered)
Armour
 c - a +0 shield (worn)
 i - a +0 plate armour (worn)
 p - the +12 crystal plate armour of Inevitability {Int+5, unknown}
   (You acquired it on level 9 of the Dungeon)

   It affects your intelligence (+5).
 A - a +0 cloak (worn)
 E - a +0 chain mail
 F - a +2 pair of gloves of archery (worn)
Jewellery
 e - an uncursed ring of sustain attributes
 h - an amulet of regeneration (around neck)
 j - a +3 ring of dexterity (right hand)
 I - a ring of protection from fire (left hand)
Wands
 L - a wand of flame (16/48)
Scrolls
 l - 2 scrolls of recharging
 n - 4 scrolls of enchant weapon
 t - 2 scrolls of magic mapping {unknown}
 u - a scroll of teleportation
 w - a scroll of enchant armour {unknown}
 z - a scroll of noise {unknown}
Potions
 b - a potion of invisibility
 d - a potion of berserk rage {unknown}
 g - 3 potions of resistance
 m - 3 potions of haste
 o - a potion of ambrosia {unknown}
 v - a potion of brilliance
 x - a potion of cure mutation
 G - a potion of cancellation {unknown}
Books
 s - a book of Unlife

   Spells                             Type                      Level
   a - Recall                         Summoning/Translocation      3
   b - Animate Dead                   Necromancy                   4
   c - Control Undead                 Necromancy                   4
   d - Cigotuvi's Embrace             Necromancy                   5
   e - Death Channel                  Necromancy                   6
   f - Simulacrum                     Ice/Necromancy               6
 y - a book of Beasts

   Spells                             Type                      Level
   a - Summon Butterflies             Summoning                    1
   b - Call Canine Familiar           Summoning                    3
   c - Summon Ice Beast               Ice/Summoning                4
   d - Summon Mana Viper              Hexes/Summoning              5
   e - Summon Hydra                   Summoning                    7
Comestibles
 f - 5 bread rations
 B - 3 fruits
 C - a slice of pizza
 J - 8 chunks of flesh
 K - a meat ration


   Skills:
 + Level 9.0 Fighting
 + Level 7.8 Long Blades
 + Level 9.0 Armour
 + Level 5.1 Dodging
 + Level 2.0 Stealth
 + Level 7.5 Shields


You had 10 spell levels left.
You didn't know any spells.

Dungeon Overview and Level Annotations

Branches:
Dungeon (9/15)             Temple (1/1) D:5            Lair (0/8) D:9
    Orc: D:9-12

Altars:
Ashenzari
Dithmenos
Elyvilon
Fedhas
Gozag
Kikubaaqudgha
Makhleb
Nemelex Xobeh
Okawaru
Pakellas
Qazlal
Ru
Sif Muna
Trog
Vehumet
Xom
Yredelemnul
Zin

Shops:
D:8 :*[*!


Innate Abilities, Weirdness & Mutations

You have very sharp fingernails.
You are partially covered in sharp spines.
You have a beak for a mouth.
You are frail (-10% HP).
Your magical capacity is low (-10% MP).


Message History

The killer bee is heavily wounded.
You feel sick. The killer bee closely misses you.
The killer bee barely misses you. You block the killer bee's attack.
The killer bee is struck by your spines.
The killer bee stings you.
* * * LOW HITPOINT WARNING * * *
The killer bee is struck by your spines.
The killer bee barely misses you.
The killer bee is struck by your spines.
The killer bee stings you.
* * * LOW HITPOINT WARNING * * *
It was a potion of experience.
You feel more experienced!
Your Fighting skill gained 3 levels and is now at level 9!
Your Long Blades skill gained 2 levels and is now at level 7!
Your Armour skill gained 2 levels and is now at level 9!
You have reached level 11!
* * * LOW HITPOINT WARNING * * *
You feel sick. The killer bee stings you!
You die...

#.........# #.......#
##'######## #.......#
#.# ####.#### #.###
#..# #...# #.##
###'###### ###.####
#........### #......#
#........'.###......#
#........#.....@....#
#........#####.yy...#
.+........# ##.#####
..........# #...y###
######'#### ####[..##
#..# ###..# #.##
#########.## # #.#
#..........# #####'##
#..........#


You could see 2 killer bees.

Vanquished Creatures
  A wyvern (D:9)
  2 hungry ghosts (D:7)
  A water moccasin (D:6)
  11 orc warriors
  A black bear (D:6)
  A necrophage (D:7)
  2 ogres
  3 ice beasts
  A crocodile (D:9)
  3 centaurs
  An elf zombie (D:7)
  3 giant frogs
  An elf skeleton (D:7)
  A wyvern skeleton (D:7)
  A scorpion (D:4)
  12 killer bees (D:9)
  7 wights
  A howler monkey (D:6)
  A vampire bat (D:3)
  2 crimson imps
  A giant frog zombie (D:7)
  4 human zombies (D:7)
  2 centaur skeletons
  2 orc priests
  A hound (D:8)
  2 jellies (D:6)
  3 orc wizards
  2 iguanas
  3 worker ants
  A hound zombie (D:7)
  A hound skeleton (D:5)
  2 mummies (D:7)
  7 adders
  2 river rats (D:9)
  2 shadow imps
  2 oozes
  2 adder zombies
  A worm (D:2)
  2 dart slugs
  3 fire bats (D:3)
  3 giant geckos
  38 orcs
  2 spectral bats (D:3)
  3 bat skeletons (D:3)
  A bat zombie (D:3)
  6 giant cockroaches
  8 goblins
  7 hobgoblins
  6 jackals
  2 quokkas (D:2)
  28 bats
  A bat simulacrum (D:3)
  A giant gecko zombie (D:5)
  A giant newt (D:2)
  5 kobolds
  An orc zombie (D:7)
  21 rats
235 creatures vanquished.

Vanquished Creatures (collateral kills)
  An orc warrior (Bailey)
  6 orcs (Bailey)
7 creatures vanquished.

Vanquished Creatures (others)
  2 orc warriors (D:9)
  2 ogres (D:9)
  A giant frog skeleton (D:9)
  An iguana (D:9)
6 creatures vanquished.

Grand Total: 248 creatures vanquished

Notes
Turn   | Place    | Note
--------------------------------------------------------------
     0 | D:1      | Aleksmastering the Demonspawn Fighter began the quest for the Orb.
     0 | D:1      | Reached XP level 1. HP: 18/18 MP: 1/1
   155 | D:1      | Gained mutation: You are partially covered in sharp spines. [demonic ancestry]
   155 | D:1      | Reached XP level 2. HP: 10/24 MP: 2/2
   777 | D:1      | Reached XP level 3. HP: 29/29 MP: 3/3
  1528 | D:3      | Reached XP level 4. HP: 35/35 MP: 4/4
  1601 | D:3      | Reached skill level 1 in Dodging
  1614 | D:3      | Reached XP level 5. HP: 41/41 MP: 5/5
  1969 | D:4      | Gained mutation: You have sharp fingernails. [demonic ancestry]
  1969 | D:4      | Reached XP level 6. HP: 42/48 MP: 6/6
  2297 | D:4      | Found a burning altar of Makhleb.
  2473 | D:5      | Entered Level 5 of the Dungeon
  2501 | D:5      | Found a burning altar of Makhleb.
  2572 | D:5      | Found a staircase to the Ecumenical Temple.
  2578 | Temple   | Entered the Ecumenical Temple
  3090 | D:5      | Noticed an ice beast
  3103 | D:5      | Killed an ice beast
  3176 | D:5      | Gained mutation: You are frail (-10% HP). [potion of mutation]
  3176 | D:5      | Gained mutation: You have a beak for a mouth. [potion of mutation]
  3176 | D:5      | Gained mutation: Your magical capacity is low (-10% MP). [potion of mutation]
  3228 | D:5      | Gained mutation: You have very sharp fingernails. [demonic ancestry]
  3228 | D:5      | Reached XP level 7. HP: 17/48 MP: 6/6
  3545 | D:5      | Reached skill level 1 in Stealth
  3567 | D:5      | Found a shadowy altar of Dithmenos.
  3723 | D:6      | Found a sparkling altar of Nemelex Xobeh.
  3923 | D:6      | Found a shattered altar of Ashenzari.
  3947 | D:6      | Reached skill level 5 in Armour
  3947 | D:6      | Reached skill level 5 in Shields
  3947 | D:6      | Reached XP level 8. HP: 27/54 MP: 7/7
  4649 | D:7      | Found an opulent altar of Gozag.
  4759 | D:7      | Found an iron altar of Okawaru.
  4812 | D:7      | Reached XP level 9. HP: 60/60 MP: 8/8
  4953 | D:7      | Reached skill level 5 in Fighting
  5048 | D:7      | Found a basalt altar of Yredelemnul.
  5150 | D:7      | Reached skill level 5 in Long Blades
  5337 | D:8      | Found Inwel's Distillery.
  5345 | D:8      | Bought a potion of invisibility for 104 gold pieces
  5345 | D:8      | Bought a potion of resistance for 130 gold pieces
  5476 | D:8      | Found Tifyisma's General Store.
  5482 | D:8      | Bought a scroll of identify for 30 gold pieces
  5482 | D:8      | Bought a scroll of summoning for 142 gold pieces
  5489 | D:8      | Found Gennu's Assorted Antiques.
  5524 | D:8      | Found Coto's Book Emporium.
  5553 | D:8      | Found a flagged portal.
  5566 | Bailey   | Entered a bailey
  5628 | Bailey   | Reached skill level 5 in Dodging
  5853 | Bailey   | Noticed an orc knight
  5853 | Bailey   | Noticed an orc knight
  6155 | D:8      | Found Moaty's Antique Armour Shop.
  6164 | D:8      | Bought a pair of runed gloves for 112 gold pieces
  6422 | D:9      | Found a shimmering altar of Xom.
  6492 | D:9      | Reached XP level 10. HP: 62/69 MP: 9/9
  6526 | D:9      | Found a staircase to the Lair.
  6624 | D:9      | Identified a scroll of acquirement
  6626 | D:9      | Got a spiked crystal plate armour
  6715 | D:9      | HP: 1/69 [killer bee (3)]
  6716 | D:9      | Reached XP level 11. HP: 1/80 MP: 9/9
  6716 | D:9      | Mangled by a killer bee

Skill      XL: |  1  2  3  4  5  6  7  8  9 10 |
---------------+-------------------------------+-----
Shields        | 3 4 5 7 |  7.5
Long Blades    | 2 3 4 5 7 |  7.8
Armour         | 3 4 5 6 7 9 |  9.0
Dodging        | 1 2 3 4 5 |  5.1
Fighting       | 4 6 9 |  9.0
Stealth        | 1 2 |  2.0

Action                   |  1- 3 |  4- 6 |  7- 9 | 10-12 || total
-------------------------+-------+-------+-------+-------++-------
Melee: Long sword        |    98 |    90 |   362 |    52 ||   602
       Peck              |       |       |    82 |     9 ||    91
Throw: Tomahawk          |       |       |     1 |       ||     1
  Use: Scroll            |       |     6 |    11 |     4 ||    21
       Potion            |       |     1 |     7 |     2 ||    10
 Stab: Invisible         |       |       |     1 |       ||     1
  Eat: Chunk             |     2 |     2 |     8 |       ||    12
       Meat ration       |       |     1 |     1 |       ||     2
       Bread ration      |       |       |     1 |       ||     1
       Pizza             |       |       |     1 |       ||     1
Armor: Scale mail        |    41 |    42 |    27 |       ||   110
       Chain mail        |       |       |    75 |       ||    75
       Plate armour      |       |       |    25 |    37 ||    62
Dodge: Dodged            |    23 |    29 |   137 |    19 ||   208
Block: Shield            |    56 |    55 |   223 |    64 ||   398
